 Dungeon Crawl Stone Soup version 0.28.0 (webtiles) character file.

Game seed: 5538246427849909060

128 arthad the Chopper (level 5, 0/70 HPs)
             Began as a Gnoll Cinder Acolyte on Feb 17, 2022.
             Was a High Priest of Ignis.
             Killed from afar by a white imp (9 damage)
             ... with a puff of frost
             ... summoned by Natasha
             ... on level 2 of the Dungeon.
             The game lasted 00:04:14 (2534 turns).

arthad the Chopper (Gnoll Cinder Acolyte)           Turns: 2534, Time: 00:04:15

Health: 0/70       AC:  2    Str: 13    XL:     5   Next: 11%
Magic:  0/9        EV: 11    Int: 16    God:    Ignis [*****.]
Gold:   88         SH:  0    Dex:  7    Spells: 10/10 levels left

rFire   + . .      SeeInvis .   a - -1 hand axe (flame)
rCold   . . .      Faith    .   (no shield)
rNeg    . . .      Spirit   +   b - +0 robe
rPois   +          Reflect  .   (no helmet)
rElec   .          Harm     .   (no cloak)
rCorr   .          Rampage  .   (no gloves)
Will    .....                   (no boots)
Stlth   ..........              e - amulet of guardian spirit
HPRegen 0.21/turn               f - ring of poison resistance
MPRegen 0.11/turn               (no ring)

@: berserking, slowed
A: fangs 1, strong nose, distributed training
a: Renounce Religion, Fiery Armour, Foxfire Swarm, Rising Flame


You were on level 2 of the Dungeon.
You worshipped Ignis.
Ignis was extremely pleased with you.
You visited 1 branch of the dungeon, and saw 2 of its levels.

You collected 88 gold pieces.

Inventory:

Hand Weapons
 a - a -1 hand axe of flaming (weapon)
 d - a +1 vorpal hunting sling
Missiles
 g - 17 arrows
Armour
 b - a +0 robe (worn)
Jewellery
 e - an amulet of guardian spirit (around neck)
 f - a ring of poison resistance (left hand)
Scrolls
 c - a scroll of identify {unknown}
 i - a scroll of teleportation {unknown}
Potions
 h - a potion of curing


   Skills:
 + Level 6.6 Fighting
 + Level 1.3 Short Blades
 + Level 1.3 Long Blades
 + Level 6.6 Axes
 + Level 1.3 Maces & Flails
 + Level 1.3 Polearms
 + Level 1.3 Staves
 + Level 1.3 Slings
 + Level 1.3 Bows
 + Level 1.3 Crossbows
 + Level 1.3 Throwing
 + Level 1.3 Armour
 + Level 1.3 Dodging
 + Level 1.3 Stealth
 + Level 1.3 Shields
 + Level 1.3 Unarmed Combat
 + Level 3.1 Spellcasting
 + Level 1.1 Conjurations
 + Level 1.1 Hexes
 + Level 1.1 Summonings
 + Level 1.1 Necromancy
 + Level 1.1 Translocations
 + Level 1.1 Transmutations
 + Level 5.5 Fire Magic
 + Level 1.1 Ice Magic
 + Level 1.1 Air Magic
 + Level 1.1 Earth Magic
 + Level 1.1 Poison Magic
 + Level 1.5 Invocations
 + Level 1.3 Evocations


You had 10 spell levels left.
You didn't know any spells.
Your spell library contained the following spells:

 Spells                   Type           Power      Damage    Failure   Level
 Scorch                   Fire           40%        2d7       3%          2


Dungeon Overview and Level Annotations

Branches:
Dungeon (2/15)

Altars:

Annotations:
D:2 1 runed translucent door, Crazy Yiuf, Natasha, Sigmund


Innate Abilities, Weirdness & Mutations

You have very sharp teeth.
Your uncanny sense of smell can sniff out nearby items.
Your experience applies equally to all skills.


Message History

Unknown command.
You miss Natasha.
Natasha is almost dead.
You hit the white imp but do no damage. You closely miss the shadow imp.
The shadow imp misses you. The white imp gestures at you.
The puff of frost misses you.
Natasha hisses.
Natasha mumbles some strange words.
The shadow imp completely misses you.
Unknown command.
You closely miss Natasha. Your bite misses Natasha.
Natasha is almost dead.
You hit the white imp. You burn the white imp.
You hit the shadow imp but do no damage.
The white imp hits you. The white imp freezes you.
Natasha growls.
Natasha claws you. The shadow imp misses you. The white imp hits you.
* * * LOW HITPOINT WARNING * * *
The white imp freezes you.
* * * LOW HITPOINT WARNING * * *
Natasha completely misses you.
Unknown command.
Unknown command.
It was a potion of berserk rage.
A red film seems to cover your vision as you go berserk!
You feel yourself moving faster!
You feel mighty! The shadow imp barely misses you. The crimson imp hits you.
* * * LOW HITPOINT WARNING * * *
The white imp hits you but does no damage.
Natasha claws you.
* * * LOW HITPOINT WARNING * * *
The shadow imp closely misses you.
You barely miss Natasha. You bite Natasha.
Natasha is almost dead.
You hit the white imp. You burn the white imp. You hit the crimson imp.
You closely miss the shadow imp. The crimson imp barely misses you.
The white imp gestures at you. The puff of frost hits you!
You die...

..#.# ##.######...#...#
#.# ###.#
#......##.#...### #..
....# #......##.###.#
#.# .####
######......##...#.# #
.####
#............#.#.#.####
# ....##
#........)...#.#.#....#
# #....#
#........)...#.#.####.##
# #.#..#
#.......))...#.#.......#
# #.#..#
#........@5..#.###.###.#
# .....#
#.......55h..#.# #.....#
# .....#
#............#.# #######
.....# #............#.#
.....# #............#.#
.....# #............#.#
.....# ............#.#
.....# ##########.##.#
## ...(.# #..#.# #.


You could see Natasha, a crimson imp (summoned), a white imp (summoned) and a
shadow imp (summoned).

Vanquished Creatures
  Natasha (D:2)
  4 gnolls (D:2)
  3 adders (D:2)
  An endoplasm (D:2)
  3 giant cockroaches
  5 goblins
  A hobgoblin (D:1)
  6 ball pythons
  7 bats
  4 frilled lizards
  4 kobolds (D:1)
  7 rats
46 creatures vanquished.

Notes
Turn   | Place    | Note
-------+----------+-------------------------------------------
     0 | D:1      | arthad the Gnoll Cinder Acolyte began the quest for the
                  | Orb.
     0 | D:1      | Reached XP level 1. HP: 23/23 MP: 4/4
   335 | D:1      | Reached XP level 2. HP: 29/29 MP: 5/5
   975 | D:2      | Reached XP level 3. HP: 19/35 MP: 5/7
  1175 | D:2      | Reached skill level 1 in Invocations
  1180 | D:2      | Reached skill level 1 in Short Blades
  1180 | D:2      | Reached skill level 1 in Long Blades
  1180 | D:2      | Reached skill level 1 in Maces & Flails
  1180 | D:2      | Reached skill level 1 in Polearms
  1180 | D:2      | Reached skill level 1 in Staves
  1180 | D:2      | Reached skill level 1 in Slings
  1180 | D:2      | Reached skill level 1 in Bows
  1180 | D:2      | Reached skill level 1 in Crossbows
  1180 | D:2      | Reached skill level 1 in Throwing
  1180 | D:2      | Reached skill level 1 in Armour
  1180 | D:2      | Reached skill level 1 in Dodging
  1180 | D:2      | Reached skill level 1 in Stealth
  1180 | D:2      | Reached skill level 1 in Shields
  1180 | D:2      | Reached skill level 1 in Unarmed Combat
  1180 | D:2      | Reached skill level 1 in Evocations
  1180 | D:2      | Reached XP level 4. HP: 22/41 MP: 4/8
  1366 | D:2      | Noticed Natasha
  1385 | D:2      | Killed Natasha
  1386 | D:2      | Reached skill level 1 in Conjurations
  1386 | D:2      | Reached skill level 1 in Hexes
  1386 | D:2      | Reached skill level 1 in Summonings
  1386 | D:2      | Reached skill level 1 in Necromancy
  1386 | D:2      | Reached skill level 1 in Translocations
  1386 | D:2      | Reached skill level 1 in Transmutations
  1386 | D:2      | Reached skill level 1 in Ice Magic
  1386 | D:2      | Reached skill level 1 in Air Magic
  1386 | D:2      | Reached skill level 1 in Earth Magic
  1386 | D:2      | Reached skill level 1 in Poison Magic
  1941 | D:2      | Noticed Sigmund
  2197 | D:2      | Reached XP level 5. HP: 46/47 MP: 9/9
  2418 | D:2      | Found a runed translucent door.
  2419 | D:2      | Noticed Crazy Yiuf
  2512 | D:2      | Noticed Natasha
  2534 | D:2      | Killed from afar by a white imp

Illustrated notes

Levels and vault maps discovered:
D:1:      dpeg_arrival_subterranean_lakeside_camping, layout_rooms
D:2:      layout_basic, uniq_natasha, uniq_crazy_yiuf_cottage, uniq_sigmund

Skill      XL: |  1  2  3  4 |
---------------+-------------+-----
Invocations    | 1 |  1.5
Short Blades   | 1 |  1.3
Long Blades    | 1 |  1.3
Maces & Flails | 1 |  1.3
Polearms       | 1 |  1.3
Staves         | 1 |  1.3
Slings         | 1 |  1.3
Bows           | 1 |  1.3
Crossbows      | 1 |  1.3
Throwing       | 1 |  1.3
Armour         | 1 |  1.3
Dodging        | 1 |  1.3
Stealth        | 1 |  1.3
Shields        | 1 |  1.3
Unarmed Combat | 1 |  1.3
Evocations     | 1 |  1.3
Spellcasting   | 3 |  3.1
Conjurations   | 1 |  1.1
Hexes          | 1 |  1.1
Summonings     | 1 |  1.1
Necromancy     | 1 |  1.1
Translocations | 1 |  1.1
Transmutations | 1 |  1.1
Ice Magic      | 1 |  1.1
Air Magic      | 1 |  1.1
Earth Magic    | 1 |  1.1
Poison Magic   | 1 |  1.1
Fighting       | |  6.6
Axes           | |  6.6
Fire Magic     | |  5.5

Action                   |  1- 3 |  4- 6 || total
-------------------------+-------+-------++-------
Melee: Hand axe          |    95 |   104 ||   199
       Bite              |    12 |     5 ||    17
       Punch             |     1 |     1 ||     2
Invok: Fiery Armour      |     1 |       ||     1
  Use: Potion            |     2 |     1 ||     3
 Stab: Sleeping          |       |     2 ||     2
Armor: Robe              |    21 |    26 ||    47
Dodge: Dodged            |    64 |    83 ||   147
